 Dungeon Crawl Stone Soup version 0.30.1-4-g462c640d31 (webtiles) character file.

Game seed: 10989930993964141133

175 Aurophilus the Chopper (level 5, -2/47 HPs)
             Began as a Minotaur Fighter on Aug 31, 2023.
             Constricted to death by Eustachio (5 damage)
             ... on level 4 of the Dungeon.
             The game lasted 00:08:08 (2585 turns).

Aurophilus the Chopper (Minotaur Fighter)           Turns: 2585, Time: 00:08:08

Health: -2/47      AC:  7    Str: 31    XL:     5   Next: 29%
Magic:  4/4        EV:  7    Int:  8    God:
Gold:   194        SH:  4    Dex:  8    Spells: 4/4 levels left

rFire   . . .        a - +0 war axe
rCold   . . .        c - +0 buckler
rNeg    . . .        b - +0 scale mail
rPois   .            (helmet restricted)
rElec   .            (no cloak)
rCorr   .            (no gloves)
SInv    .            (no boots)
Will    .....        (no amulet) Stlth
                     l - +6 ring of strength
HPRegen 0.27/turn    (no ring)
MPRegen 0.09/turn

%: no passive effects
@: mighty, grasped by roots, constricted
A: horns 2, retaliatory headbutt, clever 1, strong 1
a: no special abilities


You were on level 4 of the Dungeon.
You visited 1 branch of the dungeon, and saw 4 of its levels.

You collected 194 gold pieces.

Inventory:

Hand Weapons
 a - a +0 war axe (weapon)
 e - a +0 war axe
 i - a +1 hand axe of electrocution
Armour
 b - a +0 scale mail (worn)
 c - a +0 buckler (worn)
Magical Staves
 j - a staff of fire
Jewellery
 l - a +6 ring of strength (left hand)
 p - a ring of fire
Scrolls
 g - a scroll of magic mapping
 h - a scroll of amnesia
 n - a scroll of brand weapon {unknown}
 o - 2 scrolls of teleportation
Potions
 f - a potion of degeneration
 k - 2 potions of resistance
 m - a potion of magic


   Skills:
 * Level 4.4 Fighting
 * Level 4.9 Axes
 + Level 3.9 Armour
 + Level 1.5 Dodging
 + Level 4.5 Shields


You had 4 spell levels left.
You didn't know any spells.
Your spell library was empty.

Dungeon Overview and Level Annotations

Branches:
Dungeon (4/15)
 Temple: D:4-7

Altars:
Uskayaw
Wu Jian

Shops:
D:4 =

Annotations:
D:4 Eustachio


Innate Abilities, Weirdness & Mutations

You have a pair of horns on your head.
You reflexively headbutt those who attack you in melee.
Your mind is acute. (Int +4, Str/Dex -1)
Your muscles are strong. (Str +4, Int/Dex -1)


Message History

Eustachio is heavily wounded.
You barely miss the rat. You closely miss the bat. You block the bat's attack.
You block Eustachio's attack. The rat bites you but does no damage.
You barely miss Eustachio.
Eustachio is heavily wounded.
You slash the rat!
You kill the rat!
The rat's corpse disappears in a puff of smoke!
You slash the bat!
You kill the bat!
The bat's corpse disappears in a puff of smoke!
Eustachio zaps a wand.
The roots erupt in riotous growth!
The grasping roots grab you!
Eustachio is unaffected.
The grasping roots constrict you. You block Eustachio's attack.
The grasping roots constrict you.
You hear an angry hiss.
You hit Eustachio.
Eustachio is heavily wounded.
Eustachio mumbles some strange words.
Eustachio blinks!
The grasping roots constrict you.
* * * LOW HITPOINT WARNING * * *
You escape the roots grasp.
Eustachio zaps a wand.
The roots erupt in riotous growth!
The grasping roots grab you! The grasping roots constrict you.
* * * LOW HITPOINT WARNING * * *
You escape the roots grasp.
An adder comes into view.
The adder hisses angrily.
The crimson imp blinks!
Eustachio zaps a wand.
The roots erupt in riotous growth!
The grasping roots grab you!
Eustachio is unaffected.
The now-empty wand crumbles to dust.
The grasping roots constrict you!
* * * LOW HITPOINT WARNING * * *
You feel very mighty all of a sudden. Eustachio hits you with a +0 falchion.
* * * LOW HITPOINT WARNING * * *
The grasping roots constrict you.
You die...

'###..# #.# ##
∩'''..# #.# #..
'###..# #.# #.#
+##...# #.# #.#
+#....# #.# #.#
..†.#.# #.# #.#
#.###.#####.###.#
#...#..†..).....###
#.#.............@.#
#...#.......#####@#
#..##...##### S#
#..##...# .#
#..##...# .# .
#...# .# #.... ..
.#


You could see Eustachio and an adder.

Vanquished Creatures
  An orc priest (D:4)
  5 adders (D:3)
  2 worms
  5 orcs
  8 ball pythons
  9 bats
  8 endoplasms
  2 giant cockroaches
  6 goblins
  7 hobgoblins
  6 jackals
  6 quokkas
  5 frilled lizards
  8 kobolds
  5 rats
83 creatures vanquished.

Notes
Turn   | Place    | Note
-------+----------+-------------------------------------------
     0 | D:1      | Aurophilus the Minotaur Fighter began the quest for the
                  | Orb.
     0 | D:1      | Reached XP level 1. HP: 19/19 MP: 0/0
   233 | D:1      | Reached XP level 2. HP: 26/26 MP: 1/1
   618 | D:1      | Gained mutation: Your mind is acute. (Int +4, Str/Dex -1)
                  | [potion of mutation]
   618 | D:1      | Gained mutation: Your muscles are strong. (Str +4, Int/Dex
                  | -1) [potion of mutation]
   696 | D:2      | Reached XP level 3. HP: 29/33 MP: 2/2
  1453 | D:3      | Reached XP level 4. HP: 31/40 MP: 3/3
  1843 | D:3      | Reached skill level 1 in Dodging
  2264 | D:3      | Found a hide-covered altar of Uskayaw.
  2290 | D:3      | Found an ornate altar of the Wu Jian Council.
  2367 | D:4      | Reached XP level 5. HP: 31/47 MP: 4/4
  2554 | D:4      | Found Ulic's Jewellery Emporium.
  2570 | D:4      | Noticed Eustachio
  2585 | D:4      | Constricted to death by Eustachio

Illustrated notes

Levels and vault maps discovered:
D:1:      erik_arrival_cave_to_civilisation [erik_arrival_cave_to_hall],
          layout_basic
D:2:      minmay_diamond_boxcup, layout_loops_ring
D:3:      wad_river_or_something, layout_basic, mainiacjoe_overflow_big_doors,
          chequers_serial_rivers_micro_d
D:4:      layout_loops_ring, serial_shops, nicolae_shop_real_fake_doors, shop,
          uniq_eustachio

Skill      XL: |  1  2  3  4 |
---------------+-------------+-----
Shields        | 4 |  4.5
Fighting       | 4 |  4.4
Axes           | 3 4 |  4.9
Dodging        | 1 |  1.5
Armour         | |  3.9

Action                     |  1- 3 |  4- 6 || total
---------------------------+-------+-------++-------
  Melee: War axe           |   118 |    76 ||   194
         Headbutt          |    12 |    11 ||    23
    Use: Scroll            |     6 |     2 ||     8
         Potion            |     2 |     5 ||     7
 Armour: Scale mail        |    55 |    41 ||    96
  Dodge: Dodged            |    52 |    40 ||    92
  Block: Buckler           |    29 |    16 ||    45
